 Dungeon Crawl Stone Soup version 0.31-a0-1570-g93c622d222 (webtiles) character file.

Game seed: 3679229606212113428

75 Inarius the Ruffian (level 4, 0/44 HPs)
             Began as a Troll Chaos Knight on Jan 3, 2024.
             Was a Plaything of Xom.
             Slain by a shadow imp (4 damage)
             ... summoned by Xom
             ... on level 2 of the Dungeon.
             The game lasted 00:01:38 (1695 turns).

Inarius the Ruffian (Troll Chaos Knight)            Turns: 1695, Time: 00:01:40

Health: 0/44       AC:  6    Str: 22    XL:     4   Next: 11%
Magic:  3/3        EV:  8    Int:  8    God:    Xom [..*...]
Gold:   148        SH:  6    Dex:  9    Spells: 3/3 levels left

rFire   . .          .
                       - Unarmed
rCold   + . .        j - +0 kite shield
rNeg    . . .        a - +2 robe
rPois   .            (helmet restricted)
rElec   .            (no cloak)
rCorr   .            (gloves unavailable)
SInv    .            (boots unavailable)
Will    .....        (no amulet)
Stlth   +            f - ring of protection from cold
HPRegen 1.07/turn    (no ring)
MPRegen 0.08/turn

%: no passive effects
@: no status effects
A: large, unfitting armour, claws 3, regeneration 1, shaggy fur 1, tough skin 1
a: Renounce Religion


You were on level 2 of the Dungeon.
You worshipped Xom.
You were a toy of Xom.
You visited 1 branch of the dungeon, and saw 2 of its levels.

You collected 148 gold pieces.

Inventory:

Armour
 a - a +2 robe (worn)
 j - a +0 kite shield (worn)
Jewellery
 f - a ring of protection from cold (left claw)
Scrolls
 b - a scroll of butterflies
 d - 2 scrolls of identify {unknown}
 h - a scroll of immolation {unknown}
Potions
 c - a potion of curing {unknown}
 e - a potion of enlightenment {unknown}
 g - a potion of heal wounds {unknown}
 i - a potion of haste {unknown}


   Skills:
 + Level 2.7 Fighting
 + Level 2.6 Dodging
 + Level 4.2 Unarmed Combat


You had 3 spell levels left.
You didn't know any spells.
Your spell library was empty.

Dungeon Overview and Level Annotations

Branches:
Dungeon (2/15)

Altars:


Innate Abilities, Weirdness & Mutations

You are too large for most types of armour.
You have claws for hands.
Your natural rate of healing is unusually fast.
You are covered in fur. (AC +1)
You have tough skin. (AC +1)


Message History

You start putting on your armour.
You continue putting on your +0 kite shield. x4
You finish putting on your +0 kite shield.
You see here a +0 spear.
You now have 148 gold pieces (gained 7).
Things that are here:
a +0 mace; a +0 ring mail "Time to have some fun!"
You are now a toy of Xom.
There are monsters nearby!
There are monsters nearby!
You closely miss the chaos spawn.
The chaos spawn pecks you but does no damage.
You claw the chaos spawn!
The chaos spawn is moderately wounded.
The chaos spawn completely misses you.
You claw the chaos spawn!
The chaos spawn is severely wounded.
The chaos spawn gores you but does no damage.
You closely miss the chaos spawn.
The chaos spawn is severely wounded.
The crimson imp barely misses you. You block the chaos spawn's attack.
You claw the chaos spawn!
The chaos spawn is almost dead.
The crimson imp blinks!
The chaos spawn closely misses you.
You scratch the chaos spawn but do no damage.
The chaos spawn is almost dead.
The chaos spawn pecks you!
You emit a cloud of colourful smoke!
You are engulfed in flames!
The shadow imp hits you but does no damage.
You barely miss the chaos spawn.
The chaos spawn is almost dead.
The chaos spawn kicks you!
* * * LOW HITPOINT WARNING * * *
The chaos spawn freezes you! You resist.
* * * LOW HITPOINT WARNING * * *
The shadow imp hits you.
You die... "What!?
That's it?"

##....# ...####### ##....#
.......... ##....##### #+#
#......... ..........# #.#
#......†.. ......###.### #.#
#....##.## .#..........# #.#
#.####...# .#......#.#.#### #.#
#†#....#..
###.###.......§#####.###.#.##...#
....# ###......4@§☼.........##.##
.#### #....5.5########.###.#.#
..#### #####.§§# #.# .#.# .....#
#......# #.# #.# #).#.#
###..##..# #). .#
##...###........# #.. .#
###)...#.#.##...# #... .r
...#.#...#.##...## #... .#
...#.......#.....# ##.##


You could see a chaos spawn (summoned), a crimson imp (summoned) and a shadow
imp (summoned).

Vanquished Creatures
  A gnoll (D:1)
  An adder (D:2)
  A dart slug (D:1)
  4 ball pythons
  6 bats
  7 endoplasms
  3 giant cockroaches
  5 goblins
  5 hobgoblins
  3 kobolds (D:1)
  3 quokkas (D:2)
  3 frilled lizards (D:1)
  5 rats
47 creatures vanquished.

Notes
Turn   | Place    | Note
-------+----------+-------------------------------------------
     0 | D:1      | Inarius the Troll Chaos Knight began the quest for the Orb.
     0 | D:1      | Reached XP level 1. HP: 22/22 MP: 0/0
   229 | D:1      | XOM: silly message
   348 | D:1      | Reached XP level 2. HP: 29/29 MP: 1/1
   527 | D:1      | XOM: silly message
   730 | D:1      | Reached XP level 3. HP: 34/36 MP: 2/2
  1020 | D:1      | XOM is BORED!
  1020 | D:1      | XOM: confusion
  1246 | D:2      | XOM: 2-stop teleportation journey
  1389 | D:2      | Reached skill level 4 in Unarmed Combat
  1456 | D:2      | XOM: 1-stop teleportation journey
  1539 | D:2      | XOM: smoke on damage
  1551 | D:2      | Reached XP level 4. HP: 30/44 MP: 3/3
  1688 | D:2      | XOM: summons 3 hostile demons
  1689 | D:2      | Noticed a chaos spawn
  1694 | D:2      | XOM: smoke on damage
  1695 | D:2      | Slain by a shadow imp

Illustrated notes

Levels and vault maps discovered:
D:1:      heliophobic_arrival_dark_side_of_the_moon, layout_loops_cross,
          serial_co_window_serial, co_window_corner_a, co_window_paths_b,
          co_window_corner_a, co_window_paths_b, co_window_paths_a,
          co_window_corner_a, co_window_corner_a, co_window_paths_b,
          co_window_corner_a, co_window_cross_2, co_window_of_opportunity_c,
          co_window_broadway_b, co_window_unsneaky_path_e, co_window_paths_c,
          glass_columns_a, glass_columns_a, glass_columns_c, glass_columns_a,
          hangedman_feature_mirror, nrook_campfire
D:2:      layout_basic, basic_altar, minmay_misc_feat_tower

Skill      XL: |  1  2  3 |
---------------+----------+-----
Dodging        | 2 |  2.6
Unarmed Combat | 4 |  4.2
Fighting       | |  2.7

Action                     |  1- 3 |  4- 6 || total
---------------------------+-------+-------++-------
  Melee: Unarmed           |   108 |    10 ||   118
         Punch             |     2 |       ||     2
 Armour: Robe              |    57 |     7 ||    64
  Dodge: Dodged            |    49 |     5 ||    54
  Block: Kite shield       |       |     1 ||     1

Table legend: (Time is in decaauts)
 A = Elapsed time spent in this place.
 B = Non-inter-level travel time spent in this place.
 C = Inter-level travel time spent in this place.
 D = Time resting spent in this place.
 E = Time spent auto-exploring this place.
 F = Levels seen in this place.
 G = Mean time per level.
                   A        B        C        D        E       F      G
               +--------+--------+--------+--------+--------+-----+--------+
         Total |   1686 |   1650 |     36 |      0 |   1345 |   2 |  843.0 |
       Dungeon |   1686 |   1650 |     36 |      0 |   1345 |   2 |  843.0 |
               +--------+--------+--------+--------+--------+-----+--------+

Top non-repeatable levels by time:
     D:1: 1186 daAuts
     D:2: 499 daAuts
